 Dungeon Crawl Stone Soup version 0.16.1-30-g34a7ffa (webtiles) character file.

373 theElss the Conjurer (level 6, 0/32 HPs)
             Began as a Deep Elf Conjurer on June 26, 2015.
             Slain by a wight
             ... wielding a cursed +1 great sword
              (6 damage)
             ... on level 6 of the Dungeon.
             The game lasted 00:10:47 (3340 turns).

theElss the Conjurer (Deep Elf Conjurer)            Turns: 3340, Time: 00:10:47

Health: 0/32       AC:  5    Str:  5    XL:     6   Next: 43%
Magic:  6/21       EV: 14    Int: 22    God:
Gold:   138        SH:  0    Dex: 15    Spells: 3 memorised, 8 levels left

rFire  . . .     SeeInvis +     (no weapon)
rCold  . . .     Clarity  .     a - +0 robe
rNeg   . . .     SustAb   .     (no shield)
rPois  .         Gourm    .     d - +0 helmet
rElec  .         Spirit   .     h - +0 cloak
rCorr  .         Warding  .     e - +0 pair of gloves
rMut   .         Stasis   .     (no boots)
MR     .....                    (no amulet)
Stlth  ++........               (no ring)
                                u - ring of see invisible

@: drained, not resistant to hostile enchantments, unstealthy
A: no striking features
a: no special abilities


You were on level 6 of the Dungeon.
You were not hungry.

You visited 1 branch of the dungeon, and saw 5 of its levels.

You collected 138 gold pieces.

Inventory:

Armour
 a - a +0 robe (worn)
 d - a +0 helmet (worn)
 e - a +0 pair of gloves (worn)
 h - a +0 cloak (worn)
Jewellery
 u - a ring of see invisible (left hand)
Scrolls
 f - a scroll of magic mapping {unknown}
 i - a scroll of enchant armour {unknown}
 j - 4 scrolls of remove curse {unknown}
 l - a scroll of amnesia {unknown}
 o - 2 scrolls of blinking {unknown}
 q - 2 scrolls of identify {unknown}
 r - a scroll of fear {unknown}
Potions
 g - a potion of might {unknown}
 k - a potion of restore abilities {unknown}
 n - a potion of invisibility {unknown}
 p - 3 potions of brilliance {unknown}
 s - a potion of haste {unknown}
 t - a potion of mutation {unknown}
 w - a potion of heal wounds {unknown}
 x - a potion of berserk rage {unknown}
Books
 c - a book of Conjurations

   Spells                             Type                      Level
   a - Magic Dart                     Conjuration                  1
   b - Searing Ray                    Conjuration                  2
   c - Dazzling Spray                 Conjuration/Hexes            3
   d - Fulminant Prism                Conjuration/Hexes            4
   e - Iskenderun's Mystic Blast      Conjuration                  4
   f - Iskenderun's Battlesphere      Conjuration/Charms           5
Comestibles
 b - 2 bread rations
 m - a beef jerky
 v - a meat ration
 z - a chunk of flesh


   Skills:
 + Level 4.1(3.7) Dodging
 + Level 3.5(3.2) Stealth
 + Level 5.7(5.3) Spellcasting
 + Level 6.3(5.9) Conjurations


You had 8 spell levels left.
You knew the following spells:

 Your Spells              Type           Power        Failure   Level  Hunger
a - Magic Dart            Conj           ####         1%          1    None
b - Iskenderun's Battles  Conj/Chrm      ###.....     85%         5    #####..
c - Searing Ray           Conj           ####..       1%          2    None


Dungeon Overview and Level Annotations

Branches:
Dungeon (6/15)
 Temple: D:4-7

Altars:


Message History

The magic dart hits the wight.
Casting: Magic Dart
Confirm with . or Enter, or press ? or * to list all spells.
Aiming: Magic Dart
Press: ? - help, Shift-Dir - straight line, f/p - wight
Aim: a wight, wielding an enchanted great sword and wearing a robe The magic dart hits the wight.
The wight is lightly damaged.
Casting: Magic Dart
Confirm with . or Enter, or press ? or * to list all spells.
Aiming: Searing Ray
Press: ? - help, Shift-Dir - straight line, f/p - wight
Aim: a wight, wielding an enchanted great sword and wearing a robe (lightly damaged)
The searing ray misses the wight.
The wight barely misses you.
The searing ray hits the wight.
The wight is heavily damaged.
The wight hits you with an enchanted great sword!
* * * LOW HITPOINT WARNING * * *
You feel drained.
You die...

#..............#
#...............
##....#.........o
.
#..............).
.
#........##†..#).
. #........## .#
. #.....#.†.+ .
#.....##'## .
#.... ##@## #
#....##..z##
...##.....## ..+
#..+..)♣...z
.....#
#..###...###.
.......
#....#...# .
........
#....#.>.#
....z....
#....#...#
#........#
#..###...#
##+#........#


You could see 2 wights.

Vanquished Creatures
  A giant frog (D:6)
  A wight (D:6)
  3 orc priests (D:6)
  A worker ant (D:6)
  Ijyb (D:2)
  Terence (D:2)
  4 adders
  2 worms (D:2)
  An adder skeleton (D:6)
  2 giant geckos (D:1)
  4 orcs (D:6)
  A bat zombie (D:6)
  7 goblins
  9 hobgoblins
  3 jackals
  An ooze (D:1)
  A ball python (D:1)
  6 bats
  6 giant cockroaches
  2 giant newts
  6 kobolds
  A quokka (D:2)
  A quokka zombie (D:6)
  9 rats
74 creatures vanquished.

Notes
Turn   | Place    | Note
--------------------------------------------------------------
     0 | D:1      | theElss, the Deep Elf Conjurer, began the quest for the Orb.
     0 | D:1      | Reached XP level 1. HP: 10/10 MP: 5/5
   362 | D:1      | Reached XP level 2. HP: 15/15 MP: 6/8
   370 | D:1      | Learned a level 2 spell: Searing Ray
   764 | D:1      | Reached skill level 5 in Conjurations
  1025 | D:2      | Reached XP level 3. HP: 15/19 MP: 4/11
  1464 | D:2      | Noticed Ijyb
  1467 | D:2      | Noticed Terence
  1484 | D:2      | Killed Ijyb
  1484 | D:2      | Reached XP level 4. HP: 18/24 MP: 2/14
  1586 | D:2      | Killed Terence
  2426 | D:3      | You fall through a shaft for 2 floors!
  2426 | D:5      | Entered Level 5 of the Dungeon
  2485 | D:5      | Noticed a phantom
  2545 | D:6      | Reached XP level 5. HP: 28/28 MP: 12/18
  2592 | D:6      | Learned a level 5 spell: Iskenderun's Battlesphere
  2616 | D:5      | Noticed an ogre
  2661 | D:6      | Reached skill level 5 in Spellcasting
  3124 | D:6      | Reached skill level 6 in Conjurations
  3296 | D:6      | Reached XP level 6. HP: 32/32 MP: 16/21
  3302 | D:6      | Noticed a giant frog
  3312 | D:6      | Killed a giant frog
  3340 | D:6      | Slain by a wight

Action                   |  1- 3 |  4- 6 || total
-------------------------+-------+-------++-------
 Cast: Magic Dart        |    57 |    83 ||   140
       Searing Ray       |     5 |     8 ||    13
  Eat: Chunk             |     2 |     5 ||     7
